 Dungeon Crawl Stone Soup version 0.31.0-9-g3a7656b989 (webtiles) character file.

Game seed: 4177437667952446087

2850 MacCMillion the Cleaver (level 9, -3/76 (79) HPs)
             Began as a Hill Orc Fighter on Jan 25, 2024.
             Was a Believer of Nemelex Xobeh.
             Slain by Prince Ribbit (11 damage)
             ... on level 8 of the Dungeon.
             The game lasted 00:16:56 (9515 turns).

MacCMillion the Cleaver (Hill Orc Fighter)          Turns: 9515, Time: 00:16:56

HP:   -3/76 (79)    AC: 10    Str: 23    XL:     9   Next: 74%
MP:   14/14         EV:  8    Int:  8    God:    Nemelex Xobeh [**....]
Gold: 515           SH:  5    Dex: 16    Spells: 8/8 levels left

rFire   . . .        a - +0 war axe
rCold   . . .        c - +0 buckler
rNeg    . . .        B - +0 chain mail
rPois   +            (no helmet)
rElec   .            (no cloak)
rCorr   .            (no gloves)
SInv    .            (no boots)
Will    .....        (no amulet) Stlth
                     o - ring of poison resistance
HPRegen 0.32/turn    p - +6 ring of dexterity
MPRegen 0.14/turn

%: no passive effects
@: lightly drained
A: no striking features
a: Renounce Religion, Draw Escape, Draw Destruction, Draw Summoning


You were on level 8 of the Dungeon.
You worshipped Nemelex Xobeh.
Nemelex Xobeh was pleased with you.
You visited 2 branches of the dungeon, and saw 9 of its levels.
You also visited: Sewer.

You collected 515 gold pieces.

Inventory:

Hand Weapons
 a - a +0 war axe (weapon)
 b - the +4 mace of Death's Door {freeze, rC+ Will+ Int+2}
   (You found it on level 7 of the Dungeon)

   Int+2:     It affects your intelligence (+2).
   rC+:       It protects you from cold.
   Will+:     It increases your willpower.
Missiles
 f - 2 boomerangs (quivered)
Armour
 c - a +0 buckler (worn)
 B - a +0 chain mail (worn)
Jewellery
 o - a ring of poison resistance (left hand)
 p - a +6 ring of dexterity (right hand)
 s - a +6 ring of dexterity
 u - a ring of resist corrosion
 A - a ring of positive energy
Wands
 t - a wand of paralysis (3)
 z - a wand of flame (22)
Scrolls
 g - 3 scrolls of teleportation
 k - a scroll of poison {unknown}
 l - 3 scrolls of revelation {unknown}
 m - 4 scrolls of fog {unknown}
 v - a scroll of brand weapon {unknown}
 y - 2 scrolls of enchant weapon {unknown}
 C - a scroll of identify
 D - a scroll of amnesia {unknown}
Potions
 d - 2 potions of might
 e - a potion of enlightenment {unknown}
 h - 2 potions of mutation {unknown}
 i - 2 potions of curing
 j - 3 potions of haste
 n - 3 potions of brilliance {unknown}
 q - 4 potions of berserk rage
 r - a potion of heal wounds {unknown}
 w - 2 potions of cancellation
 x - a potion of magic {unknown}


   Skills:
 + Level 7.4 Fighting
 + Level 12.0 Axes
 + Level 6.7 Armour
 - Level 4.0 Shields
 + Level 6.8 Invocations


You had 8 spell levels left.
You didn't know any spells.
Your spell library contained the following spells:

 Spells                   Type           Power      Damage    Failure   Level
 Magic Dart               Conj           0%         1d3       95%         1
 Sting                    Conj/Alch      0%         1d3       95%         1
 Jinxbite                 Hex            0%         N/A       99%         2
 Mercury Vapours          Alch/Air       0%         N/A       99%         2
 Searing Ray              Conj           0%         2d4       99%         2
 Volatile Blastmotes      Fire/Tloc      0%         2d10      100%        3
 Fulminant Prism          Conj/Alch      0%         3d5       100%        4
 Iskenderun's Mystic Bla  Conj/Tloc      0%         2d3       100%        4
 Olgreb's Toxic Radiance  Alch           0%         N/A       100%        4
 Summon Blazeheart Golem  Fire/Summ      0%         N/A       100%        4
 Yara's Violent Unravell  Hex/Alch       0%         3d3       100%        5
 Enfeeble                 Hex            0%         N/A       100%        7
 Orb of Destruction       Conj           0%         9d5       100%        7
 Spellforged Servitor     Conj/Summ      0%         N/A       100%        7


Dungeon Overview and Level Annotations

Branches:
Dungeon (8/15)             Temple (1/1) D:4           Sewer (visited)
   Lair: D:8-11

Altars:
Ashenzari
Cheibriados
Dithmenos
Fedhas
Hepliaklqana
Kikubaaqudgha
Makhleb
Nemelex Xobeh
Okawaru
Qazlal
Ru
Sif Muna
Uskayaw
Vehumet
Xom
Yredelemnul
Zin
The Shining One

Annotations:
D:4 2 runed translucent doors, P0WERM0DE's ghost, amateur BaSh
D:8 Prince Ribbit


Message History

Prince Ribbit hits you.
Prince Ribbit blinks!
An orc wizard comes into view. It is wielding a +0 dagger.
The orc wizard shouts!
You hear a shout!
Prince Ribbit blinks!
The orc wizard gestures at you while chanting.
The magic dart hits you. Prince Ribbit hits you!
There is a stone staircase leading up here.
Unknown command.
You hit Prince Ribbit.
Prince Ribbit is lightly wounded.
Prince Ribbit completely misses you. Prince Ribbit hits you.
You slash Prince Ribbit!
Prince Ribbit is heavily wounded.
The orc wizard gestures at you while chanting.
You easily resist.
Prince Ribbit lets out a mournful croak.
Prince Ribbit hits you.
You miss Prince Ribbit.
Prince Ribbit is heavily wounded.
Prince Ribbit hits you!
* * * LOW HITPOINT WARNING * * *
An orc comes into view. It is wielding a +0 flail.
You closely miss Prince Ribbit.
Prince Ribbit is heavily wounded.
You hit the orc wizard. Prince Ribbit hits you.
* * * LOW HITPOINT WARNING * * *
The orc wizard hits you but does no damage.
You closely miss Prince Ribbit.
Prince Ribbit is heavily wounded.
You hit the orc wizard but do no damage.
You block Prince Ribbit's attack.
Prince Ribbit hits you but does no damage.
The orc wizard hits you but does no damage.
You hit Prince Ribbit but do no damage.
Prince Ribbit is heavily wounded.
You barely miss the orc wizard. Prince Ribbit hits you!
You die...
Your body glows slightly and disappears.

##...# ##..#......
##)...###......####
#..#.#.........#
######.##...#.....###
#######.............#.###
...[.[......#....#####.#
...#####.........## #..#
#.............F..###.##
####.........@.......#
#...#.......o......#####
......##.....(...###.....#
##.##.###.......## #####.#
.) ##)[........### #.# .
#..[.......o..........#
#.###...[...#.#.##.........
#......[..[..............###
######<#####..#####F.####


You could see Prince Ribbit, an orc wizard and an orc.

Vanquished Creatures
  Pikel (D:7)
  Grinder (D:5)
  Menkaure (D:7)
  4 ice beasts
  An ogre (D:7)
  A phantom (D:6)
  4 lemures
  3 scorpions
  4 wights
  A crimson imp (D:5)
  4 bombardier beetles
  5 jellies
  4 hounds
  4 orc priests
  Ijyb (D:4)
  A sleepcap (D:7)
  2 iguanas
  6 orc wizards
  6 gnolls (D:2)
  11 adders
  A shadow imp (D:7)
  A white imp (D:7)
  4 ufetubi (D:5)
  4 dart slugs
  4 ribbon worms
  24 orcs
  13 ball pythons
  2 bats
  16 endoplasms
  5 giant cockroaches
  14 goblins
  17 hobgoblins
  4 jackals (D:4)
  A quokka (D:3)
  13 frilled lizards
  11 kobolds
  8 rats
207 creatures vanquished.

Notes
Turn   | Place    | Note
-------+----------+-------------------------------------------
     0 | D:1      | MacCMillion the Hill Orc Fighter began the quest for the
                  | Orb.
     0 | D:1      | Reached XP level 1. HP: 19/19 MP: 1/1
   111 | D:1      | Reached skill level 3 in Axes
   184 | D:1      | Reached XP level 2. HP: 26/26 MP: 2/2
   331 | D:1      | Reached XP level 3. HP: 28/31 MP: 3/3
   402 | D:1      | Reached skill level 4 in Axes
   666 | D:1      | Found a faded altar of an unknown god.
  1039 | D:2      | Reached XP level 4. HP: 39/39 MP: 4/4
  1048 | D:2      | Reached skill level 5 in Axes
  1605 | D:2      | Reached skill level 6 in Axes
  1605 | D:2      | Reached XP level 5. HP: 30/45 MP: 5/5
  2665 | D:3      | Reached skill level 7 in Axes
  2953 | D:3      | Reached XP level 6. HP: 41/51 MP: 6/6
  4029 | D:4      | Reached skill level 8 in Axes
  4065 | D:4      | Found a large runed translucent door.
  4065 | D:4      | Found a large runed translucent door.
  4073 | D:4      | Noticed P0WERM0DE's ghost (amateur BaSh)
  4314 | D:4      | Reached skill level 9 in Axes
  4337 | D:4      | Found a staircase to the Ecumenical Temple.
  4347 | Temple   | Entered the Ecumenical Temple
  4384 | Temple   | Became a worshipper of Nemelex Xobeh the Trickster
  4461 | D:4      | Noticed Ijyb
  4492 | D:4      | Killed Ijyb
  4493 | D:4      | Reached XP level 7. HP: 51/57 MP: 7/7
  5117 | D:5      | Entered Level 5 of the Dungeon
  5117 | D:5      | Noticed Grinder
  5210 | D:5      | Reached skill level 10 in Axes
  5210 | D:5      | Reached skill level 1 in Invocations
  5285 | D:5      | Found a burning altar of Makhleb.
  5453 | D:5      | Reached XP level 8. HP: 67/67 MP: 9/9
  5470 | D:5      | Reached * piety under Nemelex Xobeh
  5526 | D:5      | Paralysed by Grinder for 3 turns
  5529 | D:5      | Killed Grinder
  5530 | D:5      | Reached skill level 5 in Fighting
  5801 | D:5      | Found a glowing drain.
  5806 | Sewer    | Entered a sewer
  6007 | Sewer    | Received a gift from Nemelex Xobeh
  6252 | Sewer    | Found a viscous altar of Jiyva.
  6659 | D:6      | Reached skill level 5 in Armour
  6771 | D:6      | Reached skill level 11 in Axes
  7000 | D:6      | Reached ** piety under Nemelex Xobeh
  7772 | D:7      | Noticed Pikel
  8074 | D:7      | Identified the +4 mace of Death's Door {freeze, rC+ Will+
                  | Int+2}
  8097 | D:7      | Reached skill level 5 in Invocations
  8097 | D:7      | Reached XP level 9. HP: 75/75 MP: 12/12
  8611 | D:7      | Killed Pikel
  8754 | D:7      | Noticed Menkaure
  8764 | D:7      | Killed Menkaure
  9149 | D:8      | Reached skill level 12 in Axes
  9488 | D:8      | Noticed Prince Ribbit
  9515 | D:8      | Slain by Prince Ribbit

Illustrated notes

Levels and vault maps discovered:
D:1:      lightli_arrival_chessboard, layout_rooms, basic_ecumenical_altar
D:2:      layout_basic, st_stairs_14, nicolae_grassy_gnolls
D:3:      cheibrodos_pilgrimage, layout_loops_ring, st_stairs_1, fountainhead,
          minmay_crystal_room, nicolae_concentric_dashed_squares_mild
D:4:      kennysheep_the_goblin_king, layout_basic,
          minmay_temple_entry_statues_fountains, ebering_ghost_disaster_area
D:5:      layout_loops_ring, makhleb_grotto_becter, portal_sewer_entry_e,
          nicolae_concentric_dashed_squares_wild, uniq_grinder
D:6:      layout_layer_cave, st_stairs_13, hangedman_abyss_or_decor_lesser_grid
D:7:      layout_rooms, uniq_pikel, uniq_menkaure
D:8:      layout_rooms, uniq_prince_ribbit1
Temple:   bh_familiar_temple

Skill      XL: |  1  2  3  4  5  6  7  8  9 |
---------------+----------------------------+-----
Axes           | 3 4 6 7 9 10 11 12 | 12.0
Shields        | 4 |  4.0
Invocations    | 2 5 6 |  6.8
Fighting       | 4 6 7 |  7.4
Armour         | 4 5 6 |  6.7

Action                     |  1- 3 |  4- 6 |  7- 9 || total
---------------------------+-------+-------+-------++-------
  Melee: War axe           |    83 |   228 |   362 ||   673
 Invoke: Draw Destruction  |       |       |     1 ||     1
    Use: Scroll            |       |     2 |     4 ||     6
         Potion            |       |       |     1 ||     1
 Armour: Scale mail        |    41 |   146 |   118 ||   305
         Chain mail        |       |       |   103 ||   103
  Dodge: Dodged            |    32 |    62 |   124 ||   218
  Block: Buckler           |    16 |    34 |    99 ||   149
